 Dungeon Crawl Stone Soup version 0.24.0-123-gd5b16e6ec5 (webtiles) character file.

Game seed: 8795575225122404055, levelgen mode: deterministic

583 Ponchio the Grave Robber (level 7, -2/46 HPs)
             Began as a Mummy Necromancer on Feb 1, 2020.
             Slain by a killer bee (9 damage)
             ... on level 7 of the Dungeon.
             The game lasted 00:20:46 (4512 turns).

Ponchio the Grave Robber (Mummy Necromancer)        Turns: 4512, Time: 00:20:47

Health: -2/46      AC:  4    Str: 11    XL:     7   Next: 14%
Magic:  0/15       EV: 12    Int: 17    God:
Gold:   298        SH:  0    Dex: 15    Spells: 8/17 levels left

rFire    . . .     SeeInvis .   g - +4 dagger (pain)
rCold    . . .     Gourm    .   (no shield)
rNeg     + + +     Faith    .   a - +0 robe
rPois    ∞         Spirit   .   (no helmet)
rElec    .         Reflect  .   (no cloak)
rCorr    .         Harm     .   (no gloves)
MR       .....                  i - +1 pair of boots
Stlth    ++........             (no amulet)
HPRegen  0.15/turn              h - ring of fire
MPRegen  0.14/turn              m - +3 ring of dexterity

@: no status effects
A: no food or potions, fire vulnerability, cold resistance 1, negative energy
resistance 3, torment resistance, unbreathing
a: no special abilities


You were on level 7 of the Dungeon.
You were not hungry.

You visited 1 branch of the dungeon, and saw 6 of its levels.

You collected 298 gold pieces.

Inventory:

Hand Weapons
 e - a +0 dagger
 g - a +4 dagger of pain (weapon)
Armour
 a - a +0 robe (worn)
 i - a +1 pair of boots (worn)
Jewellery
 h - a ring of fire (left hand)
 m - a +3 ring of dexterity (right hand)
Wands
 k - a wand of random effects (18)
Scrolls
 b - 2 scrolls of amnesia
 c - 2 scrolls of identify
 d - 2 scrolls of fog
 f - a scroll of fear
 j - 2 scrolls of teleportation


   Skills:
 - Level 1.5 Dodging
 - Level 1.5 Stealth
 + Level 5.9 Spellcasting
 * Level 7.5 Necromancy


You had 8 spell levels left.
You knew the following spells:

 Your Spells              Type           Power        Failure   Level  Hunger
a - Pain                  Necr           ####         1%          1    N/A
b - Animate Skeleton      Necr           N/A          1%          1    N/A
c - Vampiric Draining     Necr           ####......   1%          3    N/A
d - Animate Dead          Necr           N/A          6%          4    N/A

Your spell library contained the following spells:

 Spells                   Type           Power        Failure   Level  Hunger
 Regeneration             Chrm/Necr      Unusable     N/A         3    N/A

Dungeon Overview and Level Annotations

Branches:
Dungeon (5/15)             Temple (0/1) D:5

Altars:
Kikubaaqudgha
Qazlal
Xom


Innate Abilities, Weirdness & Mutations

You do not eat or drink.
Your flesh is vulnerable to fire.
You are immune to poison.
Your flesh is cold resistant. (rC+)
You are immune to negative energy. (rN+++)
You are immune to unholy pain and torment.
You can survive without breathing.


Message History

The killer bee closely misses you.
Casting: Vampiric Draining (safe; 1% risk of failure)
Confirm with . or Enter, or press ? or * to list all spells.
Aiming: Vampiric Draining (safe; 1% risk of failure)
Press: ? - help, Shift-Dir - straight line, f/p - killer bee
Aim: a killer bee (almost dead)
You kill the killer bee!
You feel life coursing into your body. The killer bee closely misses you.
You miss the killer bee. The killer bee stings you!
The killer bee barely misses you.
You hit the killer bee.
The killer bee writhes in agony.
The killer bee is moderately wounded.
The killer bee misses you.
A hungry ghost comes into view.
The killer bee stings you!
* * * LOW HITPOINT WARNING * * *
The killer bee stings you.
* * * LOW HITPOINT WARNING * * *
The killer bee stings you!
You die...

..# #..# #..#
#..# #..###
#...### ###...#
.# ##...#.# ..#
##..###@# ...#
+#..## #y# #..#
##..## #.#
#..###..## #†#
###..#..## #W#
#%...#.#......#..
#......#.####.###
#........#
#.....#.....#


You could see a hungry ghost and a killer bee.

Vanquished Creatures
  An ogre (D:4)
  3 killer bees (D:7)
  A crimson imp (D:4)
  A hound (D:4)
  A bullfrog skeleton (D:4)
  An iguana (D:4)
  9 adders
  3 oozes
  2 worms
  A dart slug (D:1)
  4 leopard geckos (D:4)
  7 orcs
  A ball python (D:1)
  4 bats
  4 giant cockroaches
  6 goblins
  8 hobgoblins
  4 jackals (D:1)
  2 quokkas
  5 frilled lizards
  4 kobolds
  A quokka skeleton (D:4)
  7 rats
80 creatures vanquished.

Vanquished Creatures (collateral kills)
  A centaur zombie (D:5)
  2 worker ants (D:4)
  2 adders
  A worm (D:3)
  A hobgoblin (D:1)
  A kobold (D:1)
8 creatures vanquished.

Grand Total: 88 creatures vanquished

Notes
Turn   | Place    | Note
-------+----------+-------------------------------------------
     0 | D:1      | Ponchio the Mummy Necromancer began the quest for the Orb.
     0 | D:1      | Reached XP level 1. HP: 13/13 MP: 4/4
   268 | D:1      | Reached XP level 2. HP: 19/19 MP: 3/6
   555 | D:1      | Learned a level 1 spell: Animate Skeleton
   908 | D:1      | Reached XP level 3. HP: 23/24 MP: 3/7
  1133 | D:2      | Reached skill level 5 in Necromancy
  1540 | D:2      | Reached XP level 4. HP: 30/30 MP: 4/9
  1728 | D:2      | Learned a level 3 spell: Vampiric Draining
  1733 | D:2      | Learned a level 4 spell: Animate Dead
  2160 | D:2      | Found a shimmering altar of Xom.
  2374 | D:2      | Found an ancient bone altar of Kikubaaqudgha.
  2688 | D:3      | Reached XP level 5. HP: 33/35 MP: 3/11
  3271 | D:4      | Reached skill level 6 in Necromancy
  3564 | D:4      | Found a stormy altar of Qazlal.
  3572 | D:4      | Reached XP level 6. HP: 25/41 MP: 13/13
  3574 | D:4      | Reached skill level 5 in Spellcasting
  3717 | D:5      | Entered Level 5 of the Dungeon
  3956 | D:5      | Reached skill level 7 in Necromancy
  4401 | D:5      | You fall into a shaft and drop 2 floors!
  4502 | D:7      | Reached XP level 7. HP: 17/46 MP: 8/15
  4510 | D:7      | Noticed a hungry ghost
  4512 | D:7      | Slain by a killer bee

Levels and vault maps discovered:
D:1:      wander_arrival_fairy_ring, layout_basic
D:2:      layout_loops_corners, nicolae_overflow_hidden_temple, xom_butterflies
D:3:      layout_rooms
D:4:      layout_rooms, overflow_temple_1_default
D:5:      layout_layer_cave, minmay_temple_entry_large_hall, first_ration,
          grunt_ministairs_7
D:7:      layout_loops_cross, tso_metal_star, hangedman_misty_isle

Skill      XL: |  1  2  3  4  5  6 |
---------------+-------------------+-----
Spellcasting   | 3 4 5 |  5.9
Necromancy     | 5 6 7 |  7.5
Dodging        | |  1.5
Stealth        | |  1.5

Action                   |  1- 3 |  4- 6 |  7- 9 || total
-------------------------+-------+-------+-------++-------
Melee: Dagger            |    14 |    92 |     2 ||   108
       Unarmed           |     8 |       |       ||     8
 Cast: Pain              |    55 |    92 |       ||   147
       Animate Skeleton  |     9 |     1 |       ||    10
       Animate Dead      |       |    19 |       ||    19
       Vampiric Draining |       |     3 |     4 ||     7
  Use: Scroll            |       |    10 |       ||    10
 Stab: Sleeping          |     4 |     1 |       ||     5
       Distracted        |       |     1 |       ||     1
Armor: Robe              |     7 |    32 |       ||    39
Dodge: Dodged            |    30 |    72 |     6 ||   108
